[Event "35th Roquetas Festival 2024"]
[Site "Roquetas de Mar"]
[Date "2024.01.04"]
[Round "4.20"]
[White "Garrido Diaz, Jose Antonio"]
[Black "Diaz Mino, Daniel"]
[Result "1/2-1/2"]
[ECO "B52"]
[WhiteElo "2291"]
[BlackElo "2074"]
[Annotator "RC"]
[PlyCount "138"]
[EventDate "2024.01.02"]
[EventType "swiss"]
[EventCountry "ESP"]
[SourceTitle "playchess.com"]
[Source "ChessBase"]
[SourceQuality "1"]
[TimeControl "5400+30"]

1. e4 c5 2. Nf3 d6 3. Bb5+ Bd7 4. Bxd7+ Qxd7 5. c4 Nc6 6. Nc3 Nf6 7. d4 cxd4 8. Nxd4 g6 9. f3 Bg7 10. Be3 O-O 11. O-O Rac8 12. b3 a6 13. Qd2 Rfd8 14. Na4 Qe8 15. Nb6 Rc7 16. Rad1 Ne5 17. h3 Rb8 18. Rfe1 Ned7 19. Nd5 Rcc8 20. Rc1 Qd8 21. Bf2 Ne5 22. a4 Nc6 23. b4 Nxd5 24. exd5 Nxd4 25. Bxd4 Bxd4+ 26. Qxd4 a5 27. c5 axb4 28. Qxb4 dxc5 29. Rxc5 Rxc5 30. Qxc5 Qd6 31. Qb5 b6 32. Rc1 Rd8 33. Qc6 Qxd5 34. Qxb6 Ra8 35. Qb4 Qa5 36. Rc8+ Kg7 37. Qb2+ Kh6 38. Qc1+ Kg7 39. Qb2+ Kh6 40. Rxa8 Qxa8 41. Qb4 Qa7+ 42. Kh1 Kg7 43. a5 Qe3 44. Qb2+ f6 45. Qa1 Qa7 46. Qa3 h5 47. Qb4 h4 48. Qb6 Qd7 49. a6 Qd1+ 50. Kh2 Qa1 51. a7 Qe5+ 52. Kh1 Qa1+ 53. Qg1 Qa5 54. Qe3 e5 55. Qf2 g5 56. Qe3 Kh6 57. Kg1 Kg7 58. Kf1 Qa1+ 59. Ke2 Qa2+ 60. Kd1 Qa1+ 61. Ke2 Qa2+ 62. Kd3 Qa3+ 63. Ke4 Qa4+ 64. Kd5 Qd7+ 65. Kc4 Qa4+ 66. Kd5 Qd7+ 67. Ke4 Qa4+ 68. Kd3 Qa3+ 69. Ke2 Qa2+ 1/2-1/2

[Event "35th Roquetas Festival 2024"]
[Site "Roquetas de Mar"]
[Date "2024.01.04"]
[Round "4.21"]
[White "Fernandez, Maria Florencia"]
[Black "Bru Rullo, Llatzer"]
[Result "1/2-1/2"]
[ECO "D20"]
[WhiteElo "2074"]
[BlackElo "2278"]
[Annotator "RC"]
[PlyCount "121"]
[EventDate "2024.01.02"]
[EventType "swiss"]
[EventCountry "ESP"]
[SourceTitle "playchess.com"]
[Source "ChessBase"]
[SourceQuality "1"]
[TimeControl "5400+30"]

1. d4 d5 2. c4 dxc4 3. e3 c5 4. Bxc4 cxd4 5. exd4 Nf6 6. Nf3 e6 7. O-O Be7 8. Nc3 O-O 9. Qe2 Nc6 10. Rd1 Na5 11. Bd3 b6 12. Bf4 Bb7 13. Rac1 Rc8 14. Be5 Nd5 15. Qe4 g6 16. Qe2 Nxc3 17. bxc3 Bd6 18. Be4 Bxe4 19. Qxe4 Nc4 20. h4 Ba3 21. Rb1 f6 22. Bf4 Qd5 23. Qe2 Rc6 24. Rb3 Bd6 25. Bh6 Re8 26. Nd2 Nxd2 27. Rxd2 Rec8 28. Rd3 Kf7 29. Bd2 Qh5 30. Rf3 Qd5 31. Bg5 f5 32. h5 Rg8 33. Rh3 h6 34. Bc1 gxh5 35. Qxh5+ Rg6 36. Rf3 Rc8 37. g3 Qe4 38. Kh2 Qg4 39. Qxg4 Rxg4 40. Kh3 h5 41. Bf4 Bxf4 42. Rxf4 Kf6 43. Ra3 Rc7 44. Kg2 Rxf4 45. gxf4 Rg7+ 46. Kh3 Rg4 47. Rxa7 Rxf4 48. Kg3 Rg4+ 49. Kh3 Rf4 50. Kg3 Rg4+ 51. Kh3 Rg1 52. Ra3 Rc1 53. Rb3 Kg5 54. Kg2 b5 55. Rxb5 Rxc3 56. Rb6 Rd3 57. Rxe6 Rxd4 58. Re3 Rd2 59. Rg3+ Kf6 60. Rh3 Rxa2 61. Rxh5 1/2-1/2

[Event "35th Roquetas Festival 2024"]
[Site "Roquetas de Mar"]
[Date "2024.01.04"]
[Round "4.22"]
[White "Iglesias Ferreira, Andres"]
[Black "Deusa Ballesteros, Lucas"]
[Result "1-0"]
[ECO "C07"]
[WhiteElo "2278"]
[BlackElo "1887"]
[Annotator "RC"]
[PlyCount "129"]
[EventDate "2024.01.02"]
[EventType "swiss"]
[EventCountry "ESP"]
[SourceTitle "playchess.com"]
[Source "ChessBase"]
[SourceQuality "1"]
[TimeControl "5400+30"]

1. e4 e6 2. d4 d5 3. Nd2 c5 4. Ngf3 cxd4 5. exd5 Qxd5 6. Bc4 Qd8 7. O-O Nf6 8. Nb3 Nc6 9. Qe2 Be7 10. Rd1 O-O 11. Nbxd4 Nxd4 12. Rxd4 Qb6 13. c3 Bd7 14. Ne5 Rad8 15. Bg5 Bc8 16. Rh4 Qd6 17. Bd3 g6 18. Re1 Nd5 19. Qg4 f5 20. Qg3 Bxg5 21. Qxg5 Qe7 22. Qg3 Qg7 23. Bc4 Nf6 24. Nd3 Ne4 25. Qe3 Qc7 26. Bb3 Qd6 27. Rd1 Qb6 28. Qxb6 axb6 29. f3 Nc5 30. Nxc5 Rxd1+ 31. Bxd1 bxc5 32. Ra4 Bd7 33. Ra5 Rc8 34. Kf2 Kf7 35. f4 Kf6 36. Bf3 Rc7 37. Ra7 Bc8 38. c4 h6 39. a4 e5 40. fxe5+ Kxe5 41. Ra5 Kd4 42. Bd5 g5 43. b3 Ke5 44. Rb5 Kd4 45. Rb6 Kc3 46. g3 Rh7 47. h4 gxh4 48. gxh4 h5 49. Bf3 f4 50. Rb5 Kd4 51. a5 Rc7 52. Bxh5 Rh7 53. Bf3 Rxh4 54. Bxb7 Bxb7 55. Rxb7 Ke4 56. Re7+ Kd4 57. a6 Rh2+ 58. Kf3 Rh3+ 59. Kxf4 Rxb3 60. Re4+ Kc3 61. Re3+ Kxc4 62. Rxb3 Kxb3 63. a7 c4 64. a8=Q c3 65. Ke4 1-0

[Event "35th Roquetas Festival 2024"]
[Site "Roquetas de Mar"]
[Date "2024.01.04"]
[Round "4.23"]
[White "Garijo Perez, Hugo"]
[Black "Guillen Martinez, Hugo"]
[Result "1-0"]
[ECO "B09"]
[WhiteElo "2270"]
[BlackElo "1859"]
[Annotator "RC"]
[PlyCount "73"]
[EventDate "2024.01.02"]
[EventType "swiss"]
[EventCountry "ESP"]
[SourceTitle "playchess.com"]
[Source "ChessBase"]
[SourceQuality "1"]
[TimeControl "5400+30"]

1. e4 d6 2. d4 Nf6 3. Nc3 g6 4. f4 Bg7 5. Nf3 O-O 6. Be3 c5 7. dxc5 Qa5 8. Bd3 dxc5 9. O-O Nc6 10. h3 Rd8 11. Qe1 Nd4 12. e5 Ne8 13. Qf2 Nxf3+ 14. Qxf3 f6 15. Ne4 Qc7 16. Bxc5 f5 17. Ba3 fxe4 18. Bxe4 e6 19. h4 Bf8 20. Bxf8 Kxf8 21. h5 Kg7 22. hxg6 hxg6 23. Qg4 Qf7 24. Rad1 Bd7 25. Qg5 Nc7 26. Rf3 Nd5 27. c4 Ne7 28. Rh3 Kg8 29. Rhd3 Nf5 30. g4 Kf8 31. gxf5 gxf5 32. Bxb7 Rab8 33. Bc6 Bxc6 34. Rxd8+ Rxd8 35. Rxd8+ Be8 36. c5 a5 37. Qf6 1-0

[Event "35th Roquetas Festival 2024"]
[Site "Roquetas de Mar"]
[Date "2024.01.04"]
[Round "4.24"]
[White "Gomez Arce, Alejandro"]
[Black "Domene Mulyukov, Alexander"]
[Result "1-0"]
[ECO "B47"]
[WhiteElo "2074"]
[BlackElo "2266"]
[Annotator "RC"]
[PlyCount "86"]
[EventDate "2024.01.02"]
[EventType "swiss"]
[EventCountry "ESP"]
[SourceTitle "playchess.com"]
[Source "ChessBase"]
[SourceQuality "1"]
[TimeControl "5400+30"]

1. e4 c5 2. Nf3 e6 3. d4 cxd4 4. Nxd4 Nc6 5. Nc3 Qc7 6. Qd3 a6 7. Nxc6 bxc6 8. Qg3 Qxg3 9. hxg3 d5 10. Bd3 Nf6 11. f3 Nd7 12. Na4 Bd6 13. Kf2 Rb8 14. b3 Nc5 15. Nxc5 Bxc5+ 16. Be3 Bb6 17. c4 d4 18. Bf4 Ra8 19. Bd6 c5 20. Rh5 f6 21. e5 f5 22. Rah1 h6 23. g4 Kf7 24. gxf5 exf5 25. Bxf5 g6 26. Be4 gxh5 27. Bxa8 Bf5 28. Bd5+ Kg6 29. e6 d3 30. e7 d2 31. Rd1 Ba5 32. Bxc5 Bc2 33. Be4+ Bxe4 34. fxe4 Bc3 35. Ke3 a5 36. Kd3 Bb4 37. Bxb4 axb4 38. Rxd2 Re8 39. c5 Rxe7 40. Rf2 Kg5 41. Kd4 Kg4 42. c6 Kg3 43. Rc2 Kf4 1-0

[Event "35th Roquetas Festival 2024"]
[Site "Roquetas de Mar"]
[Date "2024.01.04"]
[Round "4.25"]
[White "Revaliente Montoya, Ciro"]
[Black "Jimenez Freniche, David"]
[Result "1-0"]
[ECO "C10"]
[WhiteElo "2263"]
[BlackElo "1849"]
[Annotator "RC"]
[PlyCount "61"]
[EventDate "2024.01.02"]
[EventType "swiss"]
[EventCountry "ESP"]
[SourceTitle "playchess.com"]
[Source "ChessBase"]
[SourceQuality "1"]
[TimeControl "5400+30"]

1. e4 e6 2. d4 d5 3. Nc3 dxe4 4. Nxe4 Nd7 5. Bd3 Ngf6 6. Qe2 c5 7. Nxf6+ Nxf6 8. dxc5 Bxc5 9. Bg5 Qa5+ 10. Bd2 Qb6 11. O-O-O Bxf2 12. Nf3 Bc5 13. Rhf1 Bd7 14. Ne5 Rf8 15. g4 Bd4 16. Nc4 Qc6 17. Bb4 Bc5 18. Ne5 Qb6 19. Nxd7 Nxd7 20. Bb5 O-O-O 21. Qc4 Kb8 22. Rxd7 Bxb4 23. Qxb4 Rxd7 24. Qxf8+ Rd8 25. Qe7 Qe3+ 26. Kb1 Qd2 27. a3 a6 28. Rxf7 Qd5 29. Bc6 Qd1+ 30. Ka2 Rd7 31. Qxd7 1-0

[Event "35th Roquetas Festival 2024"]
[Site "Roquetas de Mar"]
[Date "2024.01.04"]
[Round "4.26"]
[White "Castillo Rodriguez, Angel Luis"]
[Black "Serrano Almendros, Angel"]
[Result "1/2-1/2"]
[ECO "B30"]
[WhiteElo "2055"]
[BlackElo "2250"]
[Annotator "RC"]
[PlyCount "125"]
[EventDate "2024.01.02"]
[EventType "swiss"]
[EventCountry "ESP"]
[SourceTitle "playchess.com"]
[Source "ChessBase"]
[SourceQuality "1"]
[TimeControl "5400+30"]

1. e4 c5 2. Nf3 Nc6 3. Bb5 e6 4. O-O Nge7 5. c3 a6 6. Ba4 b5 7. Bc2 Bb7 8. Re1 Ng6 9. d4 cxd4 10. cxd4 Nb4 11. Bb3 d5 12. e5 Be7 13. Nc3 O-O 14. Ne2 Rc8 15. a3 Nc6 16. Bc2 Na5 17. b3 Qb6 18. Qd3 Rc7 19. h4 Rfc8 20. Ra2 b4 21. h5 Nf8 22. a4 Rc6 23. Ng5 Qd8 24. f4 R8c7 25. Bd2 Nc4 26. bxc4 dxc4 27. Qg3 b3 28. Bxb3 cxb3 29. Qxb3 Rc4 30. Qg3 Qd5 31. Raa1 Rc2 32. Nf3 Rb2 33. Rac1 Rxc1 34. Bxc1 Rc2 35. f5 exf5 36. Bh6 g6 37. Nf4 Qd8 38. e6 Bxf3 39. exf7+ Kxf7 40. Qxf3 Qxd4+ 41. Kh1 Rc7 42. Qb3+ Qc4 43. Qe3 Bd6 44. Qe8+ Kg8 45. Bxf8 Bxf8 46. Qe5 Re7 47. Ne6 Qh4+ 48. Kg1 Kf7 49. hxg6+ hxg6 50. Re2 Qc4 51. Ng5+ Kg8 52. Ne6 Qc1+ 53. Re1 Qd2 54. Re2 Qd3 55. Qf6 Qb1+ 56. Kf2 Qb6+ 57. Kf1 Qb1+ 58. Re1 Qd3+ 59. Kg1 Rf7 60. Qxg6+ Bg7 61. Nxg7 Qd4+ 62. Kf1 Qf4+ 63. Kg1 1/2-1/2

[Event "35th Roquetas Festival 2024"]
[Site "Roquetas de Mar"]
[Date "2024.01.04"]
[Round "5.1"]
[White "Grigoryan, Karen H."]
[Black "Macias Pino, Diego"]
[Result "1-0"]
[ECO "D20"]
[WhiteElo "2643"]
[BlackElo "2456"]
[Annotator "TA"]
[PlyCount "81"]
[EventDate "2024.01.02"]
[EventType "swiss"]
[EventCountry "ESP"]
[SourceTitle "playchess.com"]
[Source "ChessBase"]
[SourceQuality "1"]
[TimeControl "5400+30"]

1. d4 d5 2. c4 dxc4 3. e4 b5 4. a4 c6 5. axb5 cxb5 6. Nc3 {[%emt 0:00:06] D20: Queen's Gambit Accepted: 3 e3 and 3 e4.} Qb6 (6... a6 $14) 7. b3 {[%emt 0:01:23] White is more active. is the new trend.} e6 $1 8. bxc4 {[%emt 0:00:12] Strongly threatening c5. White is slightly better.} Bb4 9. Bd2 bxc4 10. Bxc4 Ne7 11. Nf3 O-O 12. O-O a5 $1 13. Na4 Qc6 {[%emt 0:04:56] [#]} 14. Bd3 $146 ({Predecessor:} 14. Rc1 Qxe4 15. Nb6 Ra7 16. Re1 Qb7 17. Nxc8 Rxc8 18. Rxe6 Rxc4 19. Rxe7 Bxe7 20. Rxc4 {½-½ Li,C (2679)-Zhou,W (2597) CHN-chT Div-A 2022 (1.4)}) 14... Ba6 15. Ne5 Qd6 16. Be3 Bxd3 17. Qxd3 Qa6 $1 18. Rfc1 Nbc6 19. Qxa6 Rxa6 20. Nd3 Rd8 21. Rc4 Bd6 22. Rac1 Nb4 23. Ndc5 Ra7 24. Nb3 Na2 25. Ra1 Nb4 26. g4 Nbc6 27. Rac1 {[%emt 0:08:11] And now d5 would win.} Rb7 28. Nbc5 $36 {[%emt 0:01:21][%mdl 2048] White has some pressure.} Rb5 29. f4 Bb8 30. f5 e5 ({Black should try} 30... exf5 31. gxf5 h6) 31. d5 $16 Nb4 {[%emt 0:02:35] Black cannot hold the game after this.} (31... Nd4 $16) 32. Nc3 $18 Rb6 33. Ne6 {[%emt 0:00:17][%mdl 64] Discovered Attack} Rdd6 (33... Rxe6 $142 34. fxe6 fxe6 35. dxe6 h6) 34. Bxb6 {[%emt 0:00:29][%cal Oc3b5] Threatens to win with Nb5!} Rxb6 35. Na4 {[%emt 0:00:41] White threatens Rc8+ and mate.} fxe6 36. Nxb6 Ba7 {[%emt 0:00:04] [#]} 37. Rc8+ $1 Kf7 (37... Nxc8 38. Rxc8+) 38. fxe6+ Kg6 {[%emt 0:00:18] [#]} 39. d6 $1 Bxb6+ (39... Kf6 40. Kf1) 40. Kg2 Nxc8 41. Rxc8 {[%emt 0:00:07] Weighted Error Value: White=0.06 (flawless) /Black=0.34} 1-0

[Event "35th Roquetas Festival 2024"]
[Site "Roquetas de Mar"]
[Date "2024.01.04"]
[Round "5.2"]
[White "Suarez Uriel, Adrian"]
[Black "Sosa, Tomas"]
[Result "1-0"]
[ECO "C58"]
[WhiteElo "2365"]
[BlackElo "2554"]
[Annotator "TA"]
[PlyCount "77"]
[EventDate "2024.01.02"]
[EventType "swiss"]
[EventCountry "ESP"]
[SourceTitle "playchess.com"]
[Source "ChessBase"]
[SourceQuality "1"]
[TimeControl "5400+30"]

1. e4 e5 2. Nf3 Nc6 3. Bc4 Nf6 4. Ng5 d5 5. exd5 Na5 6. Bb5+ c6 7. dxc6 bxc6 8. Bd3 Nd5 {C58: Two Knights: 4 Ng5 d5 5 exd5 Na5 sidelines.} 9. Nf3 (9. Qh5 g6 10. Nxf7 gxh5 $17) 9... Bd6 10. O-O O-O {The position is equal.} 11. Re1 f5 12. Nxe5 Qf6 $1 (12... Qh4 $2 13. Bf1 $18) 13. Nf3 {Bf1 would be deadly.} g5 $1 14. c4 (14. g3 $5 ) 14... Nf4 15. Bf1 g4 {[#]} 16. d4 $1 {[%cal Oc4c5] Black must now prevent c5!} gxf3 17. Qxf3 Ne6 $132 {[%mdl 2048] Black has counterplay} (17... Qxd4 18. Rd1 $16) 18. c5 Bc7 {[#]} 19. d5 $146 (19. Bd2 $11) ({Predecessor:} 19. b4 Nxd4 20. Qc3 f4 21. Bb2 Rd8 22. Nd2 f3 23. bxa5 fxg2 24. Bc4+ Kf8 25. Re3 {1-0 Nguyen,N (2645)-So,W (2769) Titled Tuesday intern op 04th Jul Early blitz 2023 (4)}) 19... Nd4 $15 {[%mdl 64] Deflection} 20. Qd3 cxd5 21. Nc3 Rd8 (21... Qh4 $2 22. g3 (22. Nxd5 $2 Qxh2#) 22... Qg4 23. Bg2 $18) 22. f4 ({White should try} 22. Bg5 $1 $15 Qxg5 23. Qxd4) 22... Nac6 $17 23. Be3 {[#]} Nf3+ $1 24. gxf3 {And now Nb5 would win.} d4 $1 25. Bd2 (25. Qc4+ Be6 26. Qa4 Bf7 $17) (25. Nb5 $17 {might work better.} dxe3 26. Qb3+ Kh8 27. Nxc7 Qg7+ 28. Kh1 Qxc7 29. Qxe3) 25... dxc3 $19 26. Qc4+ Kf8 $1 27. Bxc3 {[#]} Qh6 (27... Nd4 $1 $19 28. Bg2 Ba6 29. Bxd4 Rxd4) 28. Re2 $1 $11 {Strongly threatening Rg2. The board is on fire.} Na5 (28... Qxf4 $2 29. Rg2 Qxc4 30. Bxc4 $18) (28... Nd4 $5 29. Bxd4 Ba6 $11) 29. Bxa5 (29. Qa4 $5 Bd7 30. Qa3 $14 (30. Qd4 Nc6 $11)) 29... Bxa5 30. Rg2 $2 {[#]} (30. b4 $1 $11 {and White has nothing to worry.} Qf6 31. Rae1) 30... Qe6 $2 ({Better is} 30... Be6 $1 $19 31. Qb5 Bd2) 31. Qa4 Bd2 (31... Qe3+ 32. Kh1 Qxc5 33. Qb3 $14) 32. Kh1 {aiming for Bc4.} Bb7 $1 ({Much less strong is} 32... Qd5 33. Bb5 Rb8 34. Rd1 (34. Bc4 Qxf3 35. c6 Rxb2 $11) 34... Qxc5 35. Rgxd2 (35. Bc4 $2 Rxb2 36. Rg8+ Ke7 $19) 35... Rxd2 36. Rxd2 Qxb5 37. Qxb5 Rxb5 38. Rd8+ Ke7 39. Rxc8 $16) 33. Bc4 Bd5 34. Bxd5 Qxd5 35. Qa6 Bxf4 (35... Kf7 $11) 36. Qf6+ $18 Ke8 37. c6 {Intending Re1+ and mate.} Be3 38. Re1 Qxf3 {[#]} 39. Rxe3+ $1 {[%mdl 576] Double Attack. White used his chance. Ingenious play by Suarez Uriel!   Weighted Error Value: White=0.22 (precise) /Black=0.38} 1-0

[Event "35th Roquetas Festival 2024"]
[Site "Roquetas de Mar"]
[Date "2024.01.04"]
[Round "5.3"]
[White "Bernadskiy, Vitaliy"]
[Black "Tejedor Fuente, Enrique"]
[Result "1-0"]
[ECO "B40"]
[WhiteElo "2566"]
[BlackElo "2395"]
[Annotator "TA"]
[PlyCount "157"]
[EventDate "2024.01.02"]
[EventType "swiss"]
[EventCountry "ESP"]
[SourceTitle "playchess.com"]
[Source "ChessBase"]
[SourceQuality "1"]
[TimeControl "5400+30"]

1. e4 c5 2. Nf3 e6 3. Nc3 Nc6 4. Bb5 Nge7 5. O-O a6 6. Bxc6 Nxc6 7. d4 cxd4 8. Nxd4 Be7 9. Nxc6 bxc6 {[%emt 0:00:58] 9...dxc6 gains popularity.} 10. e5 {[%emt 0:00:07] B30: Sicilian: 2...Nc6 3 Bb5, lines without ...g6.} f6 (10... O-O $11 {deserves consideration.}) 11. Ne4 (11. Qh5+ $14 g6 12. Qh6 (12. Qe2 O-O $11) 12... fxe5 13. Ne4) 11... O-O $11 12. Bf4 {[%emt 0:00:23] The position is equal.} fxe5 13. Bxe5 d5 14. Qg4 Rf7 15. Rad1 {[%emt 0:00:27] [#]} Bd7 $146 ({Predecessor:} 15... Qf8 16. Ng5 Rf5 17. f4 Bxg5 18. fxg5 Qc5+ 19. Bd4 Qxc2 20. Rc1 Qa4 21. Rxf5 exf5 {½-½ Rozek,M (1442)-Karaszewski,G (1614) POL-chT U20 2nd League 2020 (6.22)}) 16. Nd2 Qb6 17. Nf3 Raf8 18. b3 Qd8 19. Rde1 c5 20. a4 Kh8 21. Re2 Bc8 22. Rfe1 (22. h4 {keeps more tension.} h6 23. Qg6 Kg8 24. h5) 22... Bf6 23. Qg3 {[%emt 0:02:14] White is much more active.} Rd7 {[%emt 0:02:22] Prevents Bd6.} 24. h4 (24. Bxf6 $6 gxf6 25. Rxe6 Rg7 $11) 24... d4 25. h5 (25. Bxf6 $6 gxf6 26. Rxe6 Rg7 $11) 25... Rd5 {[%emt 0:02:09] Black is on the road to losing.} (25... d3 $16 26. cxd3 Rxd3) 26. Re4 $18 h6 27. Nh4 {[%emt 0:02:48][%cal Bf3h4,Bh4g6,Bg6f4][%mdl 32] Ng6+ is the strong threat.} Kh7 (27... Bxe5 $142 28. Rxe5 Kg8) 28. Ng6 Rf7 29. Nf4 Bg5 (29... Rxe5 {was called for.} 30. Rxe5 Bxe5 31. Rxe5 Qd6 32. Nxe6 Re7 33. Nf8+ (33. Rxc5 Qxe6 34. Qd3+ Kh8 $17) 33... Kg8 34. Rxe7 (34. Ng6 Rxe5 35. Qxe5 Qxe5 $16) 34... Qxe7) 30. Nxd5 exd5 31. R4e2 {[%emt 0:00:05][%cal Be4e2,Be2e8,Be8a8,Ba8a7][%mdl 32] Hoping for f4.} Bf5 {[%emt 0:00:31] [#]} 32. b4 (32. Bd6 $1 $18 {is the precise move to win.}) 32... d3 (32... cxb4 $16 {is a better defense.} 33. Qb3 (33. Bxd4 Qc7 $16) 33... d3 34. cxd3 a5) 33. cxd3 cxb4 34. Bb2 {[%emt 0:01:15] Threatens to win with Re8.} Bh4 35. Qf4 {[%emt 0:00:24] Black must now prevent Re8.} a5 $2 (35... Qg5 {was necessary.} 36. Qxg5 (36. Qxb4 Bh3 $11) 36... Bxg5) 36. Re8 Qg5 {[%emt 0:00:28] [#]} 37. Qxg5 Bxg5 {[%emt 0:00:02] A strong pair of Bishops.} 38. Ra8 {[%emt 0:00:18] White wants to mate with Ree8.} Bg4 39. Ree8 ({Don't take} 39. Rxa5 Rd7 40. Rb5 Bd2 $18) 39... Bxh5 40. f3 ({Not} 40. Rxa5 Rc7 41. Rf8 Bd2 42. Rxd5 Bf7 $18) 40... Bxf3 41. gxf3 Rxf3 42. Ra7 Kg6 43. Rxg7+ Kh5 44. Re2 Rxd3 45. Rh2+ Kg4 46. Rxh6 Rd1+ 47. Kf2 {[%emt 0:00:04] Threatening mate with Bf6.} Rd2+ 48. Ke1 {[%emt 0:00:03] Intending Bf6 and mate.} Rxb2 {[%emt 0:00:22][%mdl 4096] Endgame [#] KRR-KRB} 49. Rhg6 $1 Rb1+ 50. Ke2 Rb2+ 51. Kd1 Kf4 52. Rxg5 d4 53. Kc1 Ra2 54. Kb1 Rxa4 55. Rg3 Ke4 56. R7g4+ Kd5 57. Rd3 b3 58. Rxb3 Kc5 59. Kb2 Kd5 60. Rb8 Kc4 61. Rg3 Kd5 62. Rg1 Rc4 63. Rb5+ Ke4 64. Rxa5 Rb4+ {[%emt 0:00:59] White mates.} 65. Kc2 Rc4+ 66. Kd2 Rb4 67. Re1+ Kf4 68. Kd3 Rb3+ 69. Kxd4 Rb4+ 70. Kd5 Rb8 71. Ra4+ Kf5 72. Rf1+ Kg5 73. Ra2 Rd8+ 74. Ke6 Kg4 75. Rg2+ Kh3 76. Rg7 Kh2 77. Rf6 Rh8 78. Kf7 Kh3 79. Rg5 {[%emt 0:00:05] Weighted Error Value: White=0.08 (flawless) /Black=0.35} 1-0

[Event "35th Roquetas Festival 2024"]
[Site "Roquetas de Mar"]
[Date "2024.01.04"]
[Round "5.4"]
[White "Korneev, Oleg"]
[Black "Vergara Anton, Diego"]
[Result "1/2-1/2"]
[ECO "C07"]
[WhiteElo "2474"]
[BlackElo "2346"]
[Annotator "TA"]
[PlyCount "65"]
[EventDate "2024.01.02"]
[EventType "swiss"]
[EventCountry "ESP"]
[SourceTitle "playchess.com"]
[Source "ChessBase"]
[SourceQuality "1"]
[TimeControl "5400+30"]

1. e4 e6 2. d4 d5 3. Nd2 c5 4. exd5 Qxd5 5. Ngf3 cxd4 6. Bc4 Qd7 {[%emt 0:00:17] C07: French Tarrasch: 3...c5, 4 Ngf3 and 4 exd5 Qxd5.} 7. O-O Nc6 8. Nb3 a6 9. Nbxd4 Nxd4 10. Qxd4 Qxd4 11. Nxd4 Bd7 $1 {[%emt 0:00:35] The main line 11...Bd7 scores better than 11...Nf6.} 12. c3 {[%emt 0:08:07] [#]} Bd6 $146 ({Predecessor:} 12... Nf6 13. Re1 Rc8 14. Bb3 Bc5 15. Nf3 Ng4 16. Nd4 O-O 17. h3 Nf6 18. Nf3 Rfd8 {0-1 Karacsonyi,G (2386)-Shevchenko,K (2694) HUN-ch Rapid 2023 (3)}) 13. Be3 Nf6 14. h3 {[%emt 0:02:49] Wards off Ng4} Rc8 15. Bb3 O-O 16. Rad1 Bb8 17. Rfe1 h6 18. Nc2 Bb5 19. Bd4 Rfd8 20. Bb6 Rd7 21. Nd4 Bc4 22. Bxc4 Rxc4 23. Nc2 Rc8 24. Ne3 Bf4 25. Ng4 {[%emt 0:00:41] [#] Strongly threatening Nxf6+.} Nd5 26. Bd4 Rcd8 27. g3 h5 (27... Bc7 $5) 28. Ne5 (28. gxf4 $5 hxg4 29. hxg4 $11) 28... Bxe5 29. Rxe5 Ne7 {[%emt 0:00:25] [#] aiming for ...Ng6.} 30. Rde1 {[%emt 0:00:52] The position is equal.} Nc6 31. Rxh5 Nxd4 32. cxd4 Rxd4 33. Rhe5 {[%emt 0:00:25] Not much happened in this game.   Weighted Error Value: White=0.05 (flawless) /Black=0.04 (flawless)} 1/2-1/2

[Event "35th Roquetas Festival 2024"]
[Site "Roquetas de Mar"]
[Date "2024.01.04"]
[Round "5.5"]
[White "Stremavicius, Titas"]
[Black "Alshameary Puente, Ismael"]
[Result "1-0"]
[ECO "A06"]
[WhiteElo "2543"]
[BlackElo "2317"]
[Annotator "TA"]
[PlyCount "103"]
[EventDate "2024.01.02"]
[EventType "swiss"]
[EventCountry "ESP"]
[SourceTitle "playchess.com"]
[Source "ChessBase"]
[SourceQuality "1"]
[TimeControl "5400+30"]

1. Nf3 d5 2. g3 Nf6 3. Bg2 c5 4. O-O e6 5. c4 d4 6. e3 Nc6 7. exd4 cxd4 8. d3 Be7 {[%emt 0:00:19] A13: English Opening: 1...e6.} 9. Re1 Nd7 10. Na3 e5 {[%emt 0:16:43] White has an edge.} 11. Nc2 a5 12. Qe2 O-O {[%emt 0:08:17] [#]} 13. a3 $146 (13. Nfxd4 $5 Nxd4 14. Nxd4 $11) ({Predecessor:} 13. Nd2 Re8 14. b3 Nc5 15. Ba3 Bf8 16. Ne4 Nxe4 17. Bxe4 Nb4 18. Nxb4 axb4 19. Bc1 {1-0 Trimitzios,P (2358)-Markidis,K (2290) GRE-ch 71st Athens 2022 (1)}) 13... Re8 14. Rb1 (14. Bd2 $5 ) 14... a4 15. Nd2 Nc5 16. b4 axb3 17. Nxb3 (17. Nb4 {is interesting.} e4 18. Nxe4 Bf5 19. Qf1) 17... Nxb3 (17... Na4 $1 $15 18. Bd2 (18. Bxc6 bxc6 19. Qxe5 c5 $11) 18... Nc3 19. Bxc3 dxc3) 18. Rxb3 $11 Bf8 19. Nb4 Bd7 20. Nd5 Na5 21. Rb1 {[%emt 0:00:14] White now steadily converts the win.} Bc6 22. Qg4 {[%emt 0:01:19] White is more active.} Kh8 {[%emt 0:10:06] [#]} (22... Bd7 $16 {is a better defense.} 23. Nf6+ Qxf6 24. Qxd7 Re7) 23. Qf5 $1 $18 Bxd5 24. Bxd5 (24. cxd5 Qf6 25. Qxf6 gxf6) 24... f6 {[%emt 0:00:05] Black is weak on the light squares} 25. h4 (25. Bxb7 Nxb7 26. Rxb7 Bxa3 $11) (25. Be4 $6 g6 26. Qh3 f5 $16) 25... Qc8 26. Qf3 $40 {[%emt 0:00:51][%mdl 128] White attacks with force.} Nc6 (26... Bd6 $16 {was necessary.}) 27. Be4 Kg8 (27... h6 $2 28. Bxh6 Ne7 29. Bg5 $18) 28. h5 {[%emt 0:04:58][%cal Oh5h6] And now h6! would win.} (28. Qh5 g6 29. Qf3 (29. Bd5+ Kg7 $14) 29... f5) 28... Be7 29. Bf5 Qc7 30. Qe4 Bxa3 31. Bxh7+ Kh8 32. Bg6 Red8 (32... Reb8 $142 33. Bd2 Bd6) 33. Kg2 Bxc1 34. Rexc1 ({Not} 34. Rbxc1 Ne7 $16) 34... f5 35. Qxf5 {[%emt 0:03:01][%cal Oh5h6] [#] Strongly threatening h6!} ({Much less strong is} 35. Bxf5 Rf8 36. Rb2 Ra6 $18) 35... Rf8 36. Qg5 Ra2 37. Rf1 Nd8 (37... Qe7 $142 38. Qxe7 Nxe7 39. Rxb7 Nxg6 40. hxg6 Kg8) 38. Rbe1 (38. h6 $142) 38... Qc6+ (38... Nf7 {was called for.} 39. Qf5 Rb2) 39. Be4 Qf6 (39... Qh6 $142 40. Qxe5 Nc6 41. Bxc6 Qxc6+ 42. Re4 Kh7) 40. Qxf6 gxf6 41. Ra1 Rd2 42. Rfd1 Rc2 43. Ra8 Kg7 44. Rb1 f5 45. Bxb7 e4 46. dxe4 fxe4 47. Bxe4 Rcxf2+ 48. Kh3 Re2 49. Bg6 Ne6 50. Rb7+ Kh6 51. Rh7+ Kg5 52. Ra5+ {[%emt 0:00:05] Weighted Error Value: White=0.40/Black=0.63} 1-0